 Dungeon Crawl Stone Soup version 0.24-a0-789-g35933f4585 (webtiles) character file.

Game seed: 16071427606662515946, levelgen mode: deterministic

25734 Kohma the Fencer (level 13, 0/96 HPs)
             Began as a Formicid Fighter on Oct 9, 2019.
             Was a Priest of Ashenzari.
             Slain by an orc warlord
             ... wielding a +0 dire flail of venom
              (21 damage)
             ... on level 1 of the Orcish Mines on Oct 10, 2019.
             The game lasted 00:49:36 (16654 turns).

Kohma the Fencer (Formicid Fighter)                Turns: 16654, Time: 00:49:36

Health: 0/96       AC: 18    Str: 29    XL:     13   Next: 52%
Magic:  0/15       EV:  8    Int: 10    God:    Ashenzari [***...]
Gold:   1554       SH: 12    Dex: 10    Spells: 12/12 levels left

rFire    . . .     SeeInvis +   a - +4 great sword (freeze) (curse)
rCold    + . .     Gourm    .   c - +0 shield
rNeg     . . .     Faith    .   k - +1 plate armour {MR+}
rPois    .         Spirit   +   (helmet unavailable)
rElec    .         Reflect  .   j - scarf {Spirit}
rCorr    .         Harm     .   (no gloves)
MR       ++...                  l - +0 pair of boots
Stlth    ..........             (no amulet)
HPRegen  0.26/turn              v - ring of protection from cold
MPRegen  0.14/turn              d - +3 ring of slaying (curse)

@: mighty, lethally poisoned (0 -> -27)
A: permanent stasis, dig shafts and tunnels, four strong arms, antennae 3
a: Dig, Shaft Self, Curse Item, Scrying, Renounce Religion


You were on level 1 of the Orcish Mines.
You worshipped Ashenzari.
Ashenzari was most pleased with you.
You were not hungry.

You visited 3 branches of the dungeon, and saw 14 of its levels.

You collected 1554 gold pieces.

Inventory:

Hand Weapons
 a - a cursed +4 great sword of freezing (weapon)
 b - a +3 scimitar of flaming
Missiles
 h - 48 poisoned darts (quivered)
 p - 2 throwing nets
 C - 4 javelins
Armour
 c - a +0 shield (worn)
 j - a scarf of spirit shield (worn)
 k - a +1 plate armour of magic resistance (worn)
 l - a +0 pair of boots (worn)
Jewellery
 d - a cursed +3 ring of slaying (right hand)
 e - a +3 ring of dexterity
 v - a ring of protection from cold (left hand)
 x - an uncursed ring of flight
Wands
 m - a wand of acid (1)
 n - a wand of clouds (1)
 q - a wand of random effects (27)
 r - a wand of scattershot (3)
Scrolls
 s - a scroll of enchant weapon
 u - 4 scrolls of remove curse
 B - 2 scrolls of identify
Potions
 g - 2 potions of brilliance
 o - 3 potions of mutation
 t - a potion of cancellation
 w - a potion of might
 z - 2 potions of resistance
 A - a potion of magic {unknown}
Miscellaneous
 E - a lightning rod (3/4)
 F - a fan of gales
Comestibles
 f - 9 rations
 i - 13 chunks of flesh


   Skills:
 + Level 7.5 Fighting
 * Level 15.7(18.1) Long Blades
 - Level 12.3 Armour
 - Level 9.1 Shields
 + Level 3.1 Evocations


You had 12 spell levels left.
You didn't know any spells.
Your spell library contained the following spells:

 Spells                   Type           Power        Failure   Level  Hunger
 Animate Skeleton         Necr           N/A          94%         1    ##.....
 Apportation              Tloc           #.....       94%         1    ##.....
 Confusing Touch          Hex            #.....       94%         1    ##.....
 Corona                   Hex            #......      94%         1    ##.....
 Summon Small Mammal      Summ           #...         94%         1    ##.....
 Ensorcelled Hibernation  Hex/Ice        #.....       98%         2    ###....
 Confuse                  Hex            #.......     100%        3    ####...
 Dazzling Spray           Conj/Hex       #.....       100%        3    ####...
 Tukima's Dance           Hex            #.......     100%        3    ####...
 Leda's Liquefaction      Hex/Erth       #.........   100%        4    #####..
 Bolt of Magma            Conj/Fire/Erth #.........   100%        5    ######.
 Iron Shot                Conj/Erth      #.........   100%        6    #######
 Statue Form              Tmut/Erth      #........    100%        6    #######
 Shatter                  Erth           #.........   100%        9    #######


Dungeon Overview and Level Annotations

Branches:
Dungeon (11/15)            Temple (1/1) D:7            Lair (0/6) D:9
    Orc (2/2) D:9             Elf (0/3) Orc:2

Altars:
Ashenzari
Cheibriados
Dithmenos
Elyvilon
Fedhas
Gozag
Hepliaklqana
Kikubaaqudgha
Makhleb
Nemelex Xobeh
Okawaru
Qazlal
Ru
Sif Muna
Trog
Uskayaw
Vehumet
Wu Jian
Xom
Yredelemnul
Zin
The Shining One

Shops:
D:5 [   D:8 }   Orc:2 (

Annotations:
D:8 1 runed translucent door
Orc:1 2 transporters, Luexoam's ghost, adept GnIE


Innate Abilities, Weirdness & Mutations

You cannot be hasted, slowed, berserked, paralysed or teleported.
You can dig through walls and to a lower floor.
Your four strong arms can wield two-handed weapons with a shield.
You have a pair of large antennae on your head. (SInv)


Message History

You feel sick. You block the orc knight's attack.
You slash the orc knight! You freeze the orc knight.
You kill the orc knight!
You feel sick.
The orc warlord looks more healthy.
You block the orc warlord's attack.
You slice the orc warlord!! You freeze the orc warlord!
The orc warlord is moderately wounded.
You feel sick.
The orc warlord hits you with a +0 dire flail of venom!
* * * LOW HITPOINT WARNING * * *
You are lethally poisoned!
You hit the orc warlord but do no damage.
The orc warlord is moderately wounded.
* * * LOW HITPOINT WARNING * * *
You feel sick.
You feel very mighty all of a sudden.
* * * LOW HITPOINT WARNING * * *
You feel very sick.
The orc warlord hits you with a +0 dire flail of venom!!
You die...

##..## ##................#..#
##...#######.................#
#......##^#....#.#..........##
#..............#............#.
##....................#....#..
#....#.................#.####.
##...##.###........^#.....##..
##...[...##.[)......#...##...
#.[<[#......@[..#(...........
##.))....[)o[....#..##..##...
####.)..[..[....(#..#..#.#...
##.##.........................
#..................(..........
##.....##..#.......#(.#...#...
##.........#..........((..###
###.......##.......#####...#
##.......#.....###TW{###..


You could see an orc warlord.

Vanquished Creatures
  Snorg (Orc:1)
  Harold (D:9)
  Erica (D:8)
  2 two-headed ogres
  2 orc high priests (Orc:2)
  An unseen horror (D:11)
  Pikel (D:8)
  4 orc knights
  2 orc sorcerers (Orc:2)
  2 ugly things (D:11)
  4 cyclopes
  2 trolls (D:11)
  2 hornets
  Prince Ribbit (D:8)
  3 slime creatures (D:11)
  Sigmund (D:5)
  Eustachio (D:4)
  3 shadows (D:11)
  19 yaks
  A hungry ghost (D:11)
  3 wargs (Orc:2)
  A soldier ant (D:8)
  An acid dragon (D:11)
  2 ice beasts
  An eye of draining (D:11)
  4 sky beasts
  26 orc warriors
  A slave (D:8)
  11 ogres
  8 centaurs
  7 bullfrogs
  3 big kobolds
  A gnoll sergeant (D:6)
  8 killer bees (D:10)
  21 wights
  4 howler monkeys
  An electric eel (D:9)
  5 crimson imps
  A jelly (D:10)
  4 hounds
  2 centaur skeletons
  22 orc priests
  4 bullfrog skeletons
  An iron imp (D:7)
  44 orc wizards
  16 worker ants
  4 iguanas
  A killer bee zombie (D:8)
  6 gnolls
  A worker ant zombie (D:11)
  15 adders
  A howler monkey skeleton (D:10)
  3 shadow imps
  4 oozes
  3 adder skeletons
  A worm (D:2)
  2 dart slugs
  7 leopard geckos
  110 orcs
  4 bats
  4 giant cockroaches
  5 goblins
  6 hobgoblins
  8 jackals
  A quokka (D:5)
  2 frilled lizards
  12 kobolds
  A quokka skeleton (D:6)
  4 rats
461 creatures vanquished.

Vanquished Creatures (others)
  A slave (D:8)
  A crimson imp (D:8)
  An adder skeleton (D:8)
  A kobold (D:8)
4 creatures vanquished.

Grand Total: 465 creatures vanquished

Notes
Turn   | Place    | Note
-------+----------+-------------------------------------------
     0 | D:1      | Kohma the Formicid Fighter began the quest for the Orb.
     0 | D:1      | Reached XP level 1. HP: 18/18 MP: 1/1
    45 | D:1      | Reached XP level 2. HP: 24/24 MP: 2/2
   422 | D:1      | Reached XP level 3. HP: 24/29 MP: 3/3
   534 | D:1      | Reached skill level 3 in Long Blades
   908 | D:2      | Reached XP level 4. HP: 33/35 MP: 4/4
  1341 | D:3      | Found an iron altar of Okawaru.
  1446 | D:3      | Reached XP level 5. HP: 41/41 MP: 5/5
  1690 | D:3      | Reached skill level 4 in Long Blades
  1969 | D:4      | Reached XP level 6. HP: 45/47 MP: 4/6
  2000 | D:4      | Reached skill level 5 in Shields
  2003 | D:4      | Noticed Eustachio
  2065 | D:4      | Killed Eustachio
  2065 | D:4      | Reached skill level 5 in Long Blades
  2065 | D:4      | Reached XP level 7. HP: 20/52 MP: 5/7
  2468 | D:4      | Reached skill level 5 in Armour
  2595 | D:4      | Found a blossoming altar of Fedhas.
  2822 | D:5      | Entered Level 5 of the Dungeon
  3212 | D:5      | Reached skill level 6 in Long Blades
  3231 | D:5      | Reached XP level 8. HP: 9/58 MP: 4/8
  3678 | D:5      | Found Naffen's Armour Shop.
  3680 | D:5      | Noticed Sigmund
  3702 | D:5      | Killed Sigmund
  4085 | D:5      | Reached skill level 7 in Long Blades
  4344 | D:6      | Reached XP level 9. HP: 60/64 MP: 9/9
  4521 | D:6      | Reached skill level 8 in Long Blades
  5065 | D:7      | Found a staircase to the Ecumenical Temple.
  5079 | Temple   | Entered the Ecumenical Temple
  5243 | Temple   | Became a worshipper of Ashenzari the Shackled
  5302 | D:7      | Found a snail-covered altar of Cheibriados.
  5563 | D:7      | Found a blossoming altar of Fedhas.
  5585 | D:7      | Found a white marble altar of Elyvilon.
  5732 | D:7      | Reached skill level 9 in Long Blades
  6064 | D:8      | Found an ornate altar of the Wu Jian Council.
  6065 | D:8      | Noticed Prince Ribbit
  6069 | D:8      | Noticed Pikel
  6074 | D:8      | Noticed Erica
  6095 | D:7      | HP: 3/64 [poisoned by Erica (bolt of poison)]
  6428 | D:8      | Killed Erica
  6435 | D:8      | Reached XP level 10. HP: 54/70 MP: 7/10
  6451 | D:8      | Killed Pikel
  6893 | D:8      | Killed Prince Ribbit
  6893 | D:8      | Reached skill level 10 in Long Blades
  6929 | D:8      | Reached * piety under Ashenzari
  7237 | D:8      | Found a runed translucent door.
  7238 | D:8      | Found a runed translucent door.
  7505 | D:8      | Found Gaefob's Gadget Shoppe.
  7918 | D:8      | Found a runed translucent door.
  7968 | D:8      | Found an ornate altar of the Wu Jian Council.
  8177 | D:8      | Found Gaefob's Gadget Shoppe.
  8347 | D:9      | Found a staircase to the Orcish Mines.
  8537 | D:9      | Found a staircase to the Lair.
  8546 | D:9      | Noticed a two-headed ogre
  8549 | D:9      | Killed a two-headed ogre
  8549 | D:9      | Reached skill level 11 in Long Blades
  8947 | D:9      | Found a shimmering altar of Xom.
  8947 | D:9      | Found a burning altar of Makhleb.
  9390 | D:10     | Entered Level 10 of the Dungeon
  9409 | D:10     | Reached XP level 11. HP: 68/75 MP: 8/11
  9799 | D:10     | Reached skill level 12 in Long Blades
  9806 | D:10     | Reached skill level 10 in Armour
 10670 | D:11     | Noticed an unseen horror
 10681 | D:11     | Killed an unseen horror
 10681 | D:11     | Reached skill level 13 in Long Blades
 10697 | D:11     | Noticed a two-headed ogre
 10704 | D:11     | Killed a two-headed ogre
 10884 | D:11     | Noticed a cyclops
 10903 | D:11     | Killed a cyclops
 10933 | D:11     | Reached XP level 12. HP: 57/81 MP: 10/12
 11041 | D:10     | Upgraded the game from 0.24-a0-784-g601f8f6d22 to
                  | 0.24-a0-789-g35933f4585
 11188 | D:11     | Reached ** piety under Ashenzari
 11671 | D:11     | Reached skill level 14 in Long Blades
 11945 | D:11     | Reached skill level 5 in Fighting
 12507 | Orc:1    | Entered Level 1 of the Orcish Mines
 12546 | Orc:1    | Noticed Harold
 12571 | D:9      | Killed Harold
 13354 | Orc:1    | Noticed Snorg
 13387 | Orc:1    | Killed Snorg
 13387 | Orc:1    | Reached XP level 13. HP: 21/93 MP: 3/13
 13691 | Orc:1    | Found a transporter.
 13693 | Orc:1    | Found a transporter.
 13694 | Orc:1    | Identified the cursed +1 morningstar "Yfonla" {crush, -Tele
                  | rElec rPois Int+8}
 13706 | Orc:1    | Noticed Luexoam's ghost (adept GnIE)
 13707 | Orc:1    | Found a bloodstained altar of Trog.
 14089 | Orc:1    | Reached skill level 15 in Long Blades
 14511 | Orc:2    | Entered Level 2 of the Orcish Mines
 14887 | Orc:2    | Found Heixis's Weapon Boutique.
 15581 | Orc:2    | Reached *** piety under Ashenzari
 15794 | Orc:2    | Reached skill level 1 in Evocations
 16287 | Orc:2    | Found a staircase to the Elven Halls.
 16582 | Orc:2    | Noticed an orc warlord
 16654 | Orc:1    | Slain by an orc warlord

Levels and vault maps discovered:
D:1:      erik_arrival_blinker_ship, layout_loops_ring,
          hangedman_decor_peaks_small
D:2:      layout_rooms
D:3:      layout_basic, lemuel_round_altar
D:4:      layout_rooms, fedhas_altar_2, uniq_eustachio
D:5:      layout_rooms, serial_shops, nicolae_shop_crystal, first_ration,
          minmay_crossroads, uniq_sigmund
D:6:      layout_cave_pools
D:7:      layout_loops_cross, slow_altar_1, kennysheep_mini_moat,
          minmay_temple_entry_mist, grunt_ogre_cave, elyvilon_altar_1
D:8:      lemuel_insect_pit, layout_basic, old_standard_altar, serial_shops,
          kennysheep_mini, abandoned_shop, uniq_erica, uniq_prince_ribbit1,
          uniq_pikel
D:9:      statuecave_lemuel, layout_basic,
          grunt_temple_overflow_champion_of_chaos, lair_entry_dummy,
          hiddenorc2_lemuel
D:10:     layout_roguey, kennysheep_kite_vault
D:11:     layout_small_grid, minmay_stone_trees_medium
Temple:   eino_temple_scatter_basement
Orc:1:    layout_caves, serial_shops, gammafunk_ghost_wrathful_warriors,
          uniq_harold, uniq_snorg
Orc:2:    st_orc_congregation, layout_diamond_mine, serial_shops, shop,
          nicolae_orc_lava_room

Skill      XL: |  1  2  3  4  5  6  7  8  9 10 11 12 13 |
---------------+----------------------------------------+-----
Shields        | 4 5 6 7 8 9 |  9.1
Long Blades    | 3 4 5 6 7 9 11 13 14 15 | 15.7
Armour         | 4 5 6 7 9 11 12 | 12.3
Fighting       | 6 7 |  7.5
Evocations     | 3 |  3.1

Action                   |  1- 3 |  4- 6 |  7- 9 | 10-12 | 13-15 || total
-------------------------+-------+-------+-------+-------+-------++-------
Melee: Long sword        |    70 |   197 |   207 |       |       ||   474
       Great sword       |       |       |   122 |   645 |   248 ||  1015
Throw: Dart              |     6 |       |       |    13 |    28 ||    47
Invok: Curse Item        |       |       |     2 |       |       ||     2
Evoke: Lightning rod     |       |       |       |     5 |       ||     5
  Use: Potion            |       |     3 |     5 |     3 |     1 ||    12
       Scroll            |       |       |    11 |     2 |       ||    13
  Eat: Chunk             |       |     4 |    12 |    17 |    11 ||    44
       Ration            |       |       |     1 |     2 |       ||     3
Armor: Scale mail        |     6 |       |       |       |       ||     6
       Chain mail        |    17 |   112 |   157 |    64 |       ||   350
       Plate armour      |       |       |       |   184 |    92 ||   276
Dodge: Dodged            |    15 |    67 |    94 |   125 |    32 ||   333
Block: Shield            |    34 |   112 |   202 |   303 |   125 ||   776
       Rpst.: Long sword |     6 |    21 |    16 |       |       ||    43
       Great sword       |       |       |    14 |    26 |    14 ||    54

Table legend:
 A = Non-vault XP
 B = Vault XP
 C = Vault XP percentage of total XP
 D = Non-vault monster count
 E = Vault monster count
 F = Vault count percentage of total count
                 A         B        C        D         E       F
            +---------+---------+-------+---------+---------+-------
      Total |   23875 |   12888 |  35.1 |     331 |     129 |  28.0
            +---------+---------+-------+---------+---------+-------
        D:1 |      38 |       0 |   0.0 |      12 |       0 |   0.0
        D:2 |      75 |       0 |   0.0 |      18 |       0 |   0.0
        D:3 |     138 |       0 |   0.0 |      19 |       0 |   0.0
        D:4 |     347 |     211 |  37.8 |      29 |       1 |   3.3
        D:5 |     841 |     255 |  23.3 |      17 |       3 |  15.0
        D:6 |     449 |       0 |   0.0 |      24 |       0 |   0.0
        D:7 |     803 |     165 |  17.0 |      17 |       2 |  10.5
        D:8 |     846 |    1558 |  64.8 |      19 |      15 |  44.1
        D:9 |    1620 |    1450 |  47.2 |      10 |      34 |  77.3
       D:10 |    3403 |     836 |  19.7 |      45 |      13 |  22.4
       D:11 |   11358 |       0 |   0.0 |      62 |       0 |   0.0
      Orc:1 |    2895 |    1822 |  38.6 |      44 |       2 |   4.3
      Orc:2 |    1062 |    6591 |  86.1 |      15 |      59 |  79.7
            +---------+---------+-------+---------+---------+-------
